 Dungeon Crawl Stone Soup version 0.23.2-1-ga50397a (webtiles) character file.

Game seed: 12990327625483175624

121 MalarOregon the Ruffian (level 5, 0/44 (46) HPs)
             Began as a Ghoul Gladiator on May 30, 2019.
             Slain by a gnoll
             ... wielding a +2 whip of pain
              (3 damage)
             ... on level 2 of the Dungeon.
             The game lasted 00:03:03 (3436 turns).

MalarOregon the Ruffian (Ghoul Gladiator)           Turns: 3436, Time: 00:03:04

HP:   0/44 (46)     AC:  4    Str: 19    XL:     5   Next: 5%
MP:   4/4           EV: 12    Int:  3    God:
Gold: 154           SH:  0    Dex: 10    Spells: 4/4 levels left

rFire    . . .     SeeInvis .     - Unarmed
rCold    + . .     Gourm    .   (no shield)
rNeg     + + +     Faith    .   a - +0 leather armour
rPois    ∞         Spirit   .   b - +0 helmet
rElec    .         Reflect  .   (no cloak)
rCorr    .         Harm     .   (no gloves)
MR       .....                  (no boots)
Stlth    +.........             (no amulet)
HPRegen  0.00/turn              g - ring of flight
MPRegen  0.09/turn              (no ring)

@: rotting
A: rotting body, claws 1, carnivore, cold resistance 1, negative energy
resistance 3, inhibited regeneration, torment resistance, unbreathing
a: Evoke Flight


You were on level 2 of the Dungeon.
You were not hungry.

You visited 1 branch of the dungeon, and saw 3 of its levels.

You collected 154 gold pieces.

Inventory:

Missiles
 c - 3 throwing nets (quivered) {!f}
 k - 5 poisoned javelins
Armour
 a - a +0 leather armour (worn)
 b - a +0 helmet (worn)
 o - a +0 cloak
   (You found it on level 2 of the Dungeon)
Jewellery
 g - a ring of flight (left claw)
   (You found it on level 1 of the Dungeon)
Scrolls
 f - 4 scrolls of identify {unknown}
 i - 4 scrolls of remove curse {unknown}
 j - a scroll of amnesia {unknown}
 l - a scroll of fog {unknown}
 m - 3 scrolls of teleportation {unknown}
Potions
 d - a potion of curing {unknown}
 h - a potion of flight {unknown}
 n - a potion of magic {unknown}
Comestibles
 e - 6 rations {!d}


   Skills:
 + Level 4.2 Fighting
 - Level 1.7 Throwing
 - Level 2.6 Dodging
 + Level 4.9 Unarmed Combat


You had 4 spell levels left.
You didn't know any spells.
Your spell library was empty.

Dungeon Overview and Level Annotations

Branches:
Dungeon (3/15)

Altars:


Innate Abilities, Weirdness & Mutations

Your body is rotting away.
You thrive on raw meat.
You are immune to poison.
You have sharp fingernails.
You are carnivorous and can eat meat at any time.
Your flesh is cold resistant. (rC+)
You are immune to negative energy. (rN+++)
You do not regenerate when monsters are visible.
You are immune to unholy pain and torment.
You can survive without breathing.


Message History

You claw the goblin!
You kill the goblin!
No target in view!
You butcher the goblin corpse.
p - a chunk of flesh You see here a goblin skeleton. x2
Eating a chunk of flesh.
You eat the chunk of flesh.
You feel more resilient.
This raw flesh tastes great!
You now have 154 gold pieces (gained 12).
The gnoll is too close now for your liking.
A gnoll is nearby!
The gnoll shouts! x2
The gnoll shouts!
The gnoll closely misses you.
You scratch the gnoll but do no damage. You closely miss the gnoll.
The gnoll closely misses you. The gnoll misses you.
You claw the gnoll! The gnoll barely misses you. The gnoll misses you.
You scratch the gnoll but do no damage. The gnoll hits you with a +0 halberd.
The gnoll closely misses you.
Unknown command.
You scratch the gnoll but do no damage. You barely miss the gnoll.
The gnoll misses you. x2
You claw the gnoll!
You kill the gnoll!
You have reached level 5!
You feel stronger.
The gnoll hits you from afar with a +0 halberd!
You closely miss the gnoll.
The gnoll shouts!
The gnoll hits you with a +2 whip of pain.
The gnoll hits you from afar with a +0 halberd!
* * * LOW HITPOINT WARNING * * *
You see here a goblin skeleton.
There is a stone staircase leading up here.
The gnoll barely misses you.
You climb upwards.
There is a stone staircase leading down here.
You scratch the gnoll. You claw the gnoll, but do no damage.
The gnoll hits you with a +2 whip of pain.
* * * LOW HITPOINT WARNING * * *
You barely miss the gnoll.
The gnoll hits you with a +2 whip of pain.
* * * LOW HITPOINT WARNING * * *
There isn't anything here!
Here: a gnoll, wielding a +2 whip of pain (lightly wounded)
The floor.
Unknown command.
You claw the gnoll!
The gnoll hits you with a +2 whip of pain.
You die...

#########.#.###.########.##.# #.
......................##.##.# #.
#########.#.###.#####.##.##.# #.
# #.#.###'#####.##.##.# #. #####
#.#.#.........##.##.####.
....#####.#.'.........+..........
............#....>....##..#.####.
............###..................
................@g........#.#####
..........#..##..####.##..#.#
.................####.##..#.#####
.................................
.................#######..#.#####
..........#.#.#.)##### #..#.#
.............[#......###..#.#
....#.#####.................#####
....#.#####..#...................


You could see a gnoll.

Vanquished Creatures
  5 gnolls
  An adder (D:3)
  An ooze (D:2)
  2 worms (D:2)
  6 dart slugs
  3 leopard geckos
  An orc (D:3)
  A ball python (D:1)
  4 goblins
  3 hobgoblins
  6 bats
  A frilled lizard (D:2)
  4 kobolds
  4 rats
42 creatures vanquished.

Notes
Turn   | Place    | Note
-------+----------+-------------------------------------------
     0 | D:1      | MalarOregon the Ghoul Gladiator began the quest for the
                  | Orb.
     0 | D:1      | Reached XP level 1. HP: 17/17 MP: 0/0
   304 | D:1      | Reached XP level 2. HP: 22/25 MP: 1/1
   609 | D:2      | Reached XP level 3. HP: 13/30 MP: 2/2
  1364 | D:2      | Reached XP level 4. HP: 21/39 MP: 3/3
  3403 | D:3      | Reached XP level 5. HP: 40/44 MP: 4/4
  3436 | D:2      | Slain by a gnoll

Skill      XL: |  1  2  3  4 |
---------------+-------------+-----
Fighting       | 3 4 |  4.2
Unarmed Combat | 4 |  4.9
Throwing       | |  1.7
Dodging        | |  2.6

Action                   |  1- 3 |  4- 6 || total
-------------------------+-------+-------++-------
Melee: Unarmed           |   114 |    48 ||   162
       Punch             |     1 |     3 ||     4
  Eat: Chunk             |     8 |     8 ||    16
Armor: Leather armour    |    28 |     2 ||    30
Dodge: Dodged            |    68 |    32 ||   100
